 Dungeon Crawl Stone Soup version 0.21-a0-529-g8c7b3f5 (webtiles) character file.

1291 kiturien the Geomancer (level 8, 0/46 HPs)
             Began as an Octopode Earth Elementalist on Dec 11, 2017.
             Slain by a troll (11 damage)
             ... on level 6 of the Dungeon on Dec 12, 2017.
             The game lasted 00:32:58 (7550 turns).

kiturien the Geomancer (OpEE)                       Turns: 7550, Time: 00:32:59

Health: 0/46       AC:  8    Str:  7    XL:     8   Next: 55%
Magic:  0/12       EV: 15    Int: 20    God:
Gold:   335        SH:  0    Dex: 12    Spells: 4/13 levels left

rFire    . . .     SeeInvis +   C - +3 dagger (protect)
rCold    . . .     Gourm    .   (no shield)
rNeg     . . .     Faith    .   (helmet restricted)
rPois    .         Spirit   .   (no amulet)
rElec    .         Reflect  .   e - ring of protection from magic
rCorr    .         Harm     .   j - ring of see invisible
MR       +....                  p - ring of flight
Stlth    +++.......             (no ring)
HPRegen  0.15/turn              (no ring)
MPRegen  0.13/turn              (no ring)
                                (no ring)
                                (no ring)

@: protection aura
A: almost no armour, stealthy swim, amphibious, 8 rings, constrict 8, camouflage
1, gelatinous body 1
a: Evoke Flight


You were on level 6 of the Dungeon.
You were not hungry.

You visited 2 branches of the dungeon, and saw 7 of its levels.

You collected 335 gold pieces.

Inventory:

Hand Weapons
 C - a +3 dagger of protection (weapon)
Missiles
 b - 66 stones (quivered)
Magical Staves
 y - an uncursed staff of cold
Jewellery
 e - a ring of protection from magic (left tentacle)
 j - a ring of see invisible (right tentacle)
 p - a ring of flight (on tentacle)
Wands
 q - a wand of paralysis (8)
Scrolls
 a - 6 scrolls of teleportation
 i - a scroll of blinking {unknown}
 m - 2 scrolls of amnesia
 v - a scroll of immolation
 x - 2 scrolls of enchant armour
 z - a scroll of fear {unknown}
 B - a scroll of magic mapping {unknown}
Potions
 c - 3 potions of might {unknown}
 g - a potion of ambrosia {unknown}
 h - 5 potions of curing
 k - a potion of cancellation {unknown}
 n - 2 potions of heal wounds {unknown}
 o - a potion of lignification {unknown}
 s - 2 potions of invisibility {unknown}
 u - 2 potions of flight {unknown}
 w - 2 potions of mutation {unknown}
Books
 d - a book of Geomancy

   Spells                             Type                      Level
   a - Sandblast                      Earth                        1
   b - Passwall                       Transmutation/Earth          2
   c - Stone Arrow                    Conjuration/Earth            3
   d - Petrify                        Transmutation/Earth          4
   e - Lee's Rapid Deconstruction     Earth                        5
Comestibles
 f - 2 meat rations
 l - 2 chunks of flesh
 r - 4 fruits
 t - a bread ration


   Skills:
 - Level 4.1 Dodging
 - Level 2.6 Stealth
 - Level 3.2 Spellcasting
   Level 1.0 Transmutations
 + Level 9.4 Earth Magic


You had 4 spell levels left.
You knew the following spells:

 Your Spells              Type           Power        Failure   Level  Hunger
a - Sandblast             Erth           #####.       1%          1    None
b - Stone Arrow           Conj/Erth      ###...       6%          3    ###....
c - Lee's Rapid Deconstr  Erth           #####.....   8%          5    ######.


Dungeon Overview and Level Annotations

Branches:
Dungeon (6/15)             Temple (1/1) D:4

Altars:
Ashenzari
Elyvilon
Gozag
Hepliaklqana
Kikubaaqudgha
Makhleb
Nemelex Xobeh
Okawaru
Qazlal
Ru
Trog
Vehumet
Wu Jian
Xom
Zin
The Shining One


Innate Abilities, Weirdness & Mutations

You cannot wear most types of armour.
You are very stealthy in the water. (Stealth+)
You are amphibious.
You can wear up to eight rings at the same time.
You can use your tentacles to constrict eight enemies at once.
Your skin changes colour to match your surroundings (Stealth+).
Your rubbery body absorbs attacks. (AC +1, EV +1)


Message History

The troll misses you. The troll claws you. The troll misses you.
You hit the troll.
The troll is severely wounded.
Casting: Stone Arrow
Confirm with . or Enter, or press ? or * to list all spells.
Aiming: Sandblast
Press: ? - help, Shift-Dir - straight line, f/p - troll
Aim: a troll (severely wounded)
The blast of sand hits the troll.
The troll is almost dead.
b - 66 stones The troll closely misses you. x2; The troll claws you!
* * * LOW HITPOINT WARNING * * *
A worker ant comes into view.
The worker ant twitches its antennae in your direction.
You hit the troll.
The troll is almost dead.
The troll bites you but does no damage. The troll barely misses you.
The troll claws you!
You die...

. #. #..#########
#..........
#.>..a...#
#.......###########
#.#####..T@<......#
#...^..####.#
#......# .........#
###......#
#........
#.#######. #..


You could see a troll and a worker ant.

Vanquished Creatures
  A water moccasin (D:5)
  An ice beast (D:4)
  A sky beast (D:5)
  A phantom (D:4)
  A centaur (D:5)
  A scorpion (D:5)
  2 howler monkeys (D:5)
  A crimson imp (D:4)
  A centaur zombie (D:5)
  5 orc wizards (D:5)
  4 orc priests
  Ijyb (D:5)
  7 worker ants
  A statue (D:4)
  A hound zombie (D:5)
  A worker ant zombie (D:5)
  A howler monkey zombie (D:5)
  6 adders
  2 oozes
  2 adder skeletons (D:4)
  A worm (D:4)
  A dart slug (D:3)
  4 leopard geckos
  11 orcs
  5 bats
  10 giant cockroaches
  3 goblins
  6 hobgoblins
  4 quokkas
  3 frilled lizards
  A jackal zombie (D:5)
  5 kobolds
  8 rats
103 creatures vanquished.

Notes
Turn   | Place    | Note
-------+----------+-------------------------------------------
     0 | D:1      | kiturien the Octopode Earth Elementalist began the quest for the Orb.
     0 | D:1      | Reached XP level 1. HP: 11/11 MP: 3/3
   304 | D:1      | Reached XP level 2. HP: 11/17 MP: 5/5
   870 | D:2      | Reached XP level 3. HP: 12/21 MP: 4/7
  1650 | D:2      | Learned a level 3 spell: Stone Arrow
  1940 | D:3      | Reached skill level 4 in Earth Magic
  1940 | D:3      | Reached XP level 4. HP: 26/27 MP: 0/8
  2071 | D:3      | Found a shattered altar of Ashenzari.
  2525 | D:3      | Found a sacrificial altar of Ru.
  2576 | D:3      | Reached XP level 5. HP: 31/31 MP: 2/9
  2972 | D:4      | Reached skill level 5 in Earth Magic
  3237 | D:4      | Found a burning altar of Makhleb.
  3244 | D:4      | Reached XP level 6. HP: 29/36 MP: 8/10
  3423 | D:4      | Found a radiant altar of Vehumet.
  3431 | D:4      | Learned a level 5 spell: Lee's Rapid Deconstruction
  3694 | D:4      | Found a stormy altar of Qazlal.
  3694 | D:4      | Found a bloodstained altar of Trog.
  3751 | D:4      | Reached skill level 6 in Earth Magic
  4056 | D:4      | Found a staircase to the Ecumenical Temple.
  4066 | Temple   | Entered the Ecumenical Temple
  4237 | D:4      | Noticed a phantom
  4277 | D:4      | Killed a phantom
  4502 | D:5      | Entered Level 5 of the Dungeon
  4502 | D:5      | Found a glowing silver altar of Zin.
  4688 | D:5      | Reached skill level 7 in Earth Magic
  4688 | D:5      | Reached XP level 7. HP: 41/41 MP: 1/11
  4881 | D:5      | Noticed Ijyb
  4887 | D:5      | Killed Ijyb
  5828 | D:5      | Reached XP level 8. HP: 46/46 MP: 5/12
  6025 | D:5      | Reached skill level 8 in Earth Magic
  6979 | D:5      | Reached skill level 9 in Earth Magic
  7534 | D:6      | Noticed a troll
  7550 | D:6      | Slain by a troll

Vault maps used:
D:1:      matt_arrival_refuge
D:3:      old_standard_altar, lemuel_round_altar, first_bread
D:4:      makhleb_grotto_becter, vehumet_statue, gammafunk_temple_overflow_wave,
          temple_hall
D:5:      basic_altar, uniq_ijyb
D:6:      cheibrodos_fertilizer, kennysheep_mini, overflow_temple_1_default,
          old_standard_altar, nicolae_wand_duel, uniq_duvessa,
          uniq_blork_the_orc
Temple:   eino_wide_crystal_templ

Skill      XL: |  1  2  3  4  5  6  7  8 |
---------------+-------------------------+-----
Spellcasting   | 3 |  3.2
Earth Magic    | 4 5 7 9 |  9.4
Dodging        | 4 |  4.1
Stealth        | |  2.6
Transmutations | |  1.0

Action                   |  1- 3 |  4- 6 |  7- 9 || total
-------------------------+-------+-------+-------++-------
Melee: Unarmed           |    20 |       |       ||    20
       Constrict         |    14 |    20 |     8 ||    42
       Tentacles         |    11 |    15 |    10 ||    36
       Short sword       |    12 |       |       ||    12
       Dagger            |    23 |    72 |    27 ||   122
 Cast: Sandblast         |    18 |    25 |     7 ||    50
       Stone Arrow       |     1 |    16 |    49 ||    66
       Lee's Rapid Decon |       |     1 |     5 ||     6
  Use: Scroll            |       |     7 |     5 ||    12
 Stab: Distracted        |     1 |       |       ||     1
       Sleeping          |     7 |     5 |     2 ||    14
  Eat: Chunk             |     2 |     3 |     4 ||     9
       Bread ration      |     1 |       |     1 ||     2
       Meat ration       |       |     1 |     1 ||     2
       Fruit             |       |       |     1 ||     1
Armor: Skin              |     1 |     8 |     1 ||    10
Dodge: Dodged            |    54 |    38 |    31 ||   123

Table legend:
 A = Spawn XP
 B = Non-spawn XP
 C = Spawn XP percentage of total XP
 D = Spawn monster count
 E = Non-spawn monster count
 F = Spawn count percentage of total count
 G = Total turns spent on level
                    A         B        C        D         E        F      G
               +---------+---------+-------+---------+---------+-------+---------
         Total |       0 |    1845 |   0.0 |       0 |     103 |   0.0 |  7550
               +---------+---------+-------+---------+---------+-------+---------
           D:1 |       0 |      26 |   0.0 |       0 |      14 |   0.0 |   780
           D:2 |       0 |      51 |   0.0 |       0 |      17 |   0.0 |  1220
           D:3 |       0 |      97 |   0.0 |       0 |      20 |   0.0 |   803
           D:4 |       0 |     513 |   0.0 |       0 |      20 |   0.0 |  1960
           D:5 |       0 |    1158 |   0.0 |       0 |      32 |   0.0 |  2683
               +---------+---------+-------+---------+---------+-------+---------
